 Dungeon Crawl Stone Soup version 0.18.1-6-gd335043 (webtiles) character file.

20867 pipel the Cleaver (level 12, -5/154 HPs)
             Began as a Grey Draconian Artificer on May 15, 2016.
             Was a High Priest of Nemelex Xobeh.
             Slain by Snorg (11 damage)
             ... on level 2 of the Orcish Mines.
             The game lasted 01:00:39 (12810 turns).

pipel the Cleaver (Grey Draconian Artificer)       Turns: 12810, Time: 01:00:41

Health: -5/154     AC: 25    Str: 22    XL:     12   Next: 49%
Magic:  25/27      EV: 17    Int: 19    God:    Nemelex Xobeh [*****.]
Gold:   528        SH:  4    Dex: 12    Spells: 2 memorised, 9 levels left

rFire  + . .     SeeInvis .     a - +2 broad axe (elec)
rCold  . . .     Gourm    .     (armour unavailable)
rNeg   . . .     Faith    .     K - +0 buckler
rPois  .         Spirit   .     H - +3 hat of Pondering {ponderous, MR+ MP+10 Int+5}
rElec  .         Dismiss  .     (no cloak)
rCorr  .         Reflect  .     s - +1 pair of gloves
SustAt .         Harm     .     y - +0 pair of boots
MR     ++...                    n - amulet of rage
Stlth  ..........               Z - ring of protection from magic
                                h - ring of protection from fire

@: berserking (expiring), icy armour, quick, very resistant to hostile
enchantments, extremely unstealthy
A: walk through water, unfitting armour, unbreathing, cold-blooded, AC +13
a: Triple Draw, Deal Four, Stack Five, Renounce Religion, Evoke Berserk Rage


You were on level 2 of the Orcish Mines.
You worshipped Nemelex Xobeh.
Nemelex Xobeh was extremely pleased with you.
You were not hungry.

You visited 2 branches of the dungeon, and saw 15 of its levels.
You also visited: Ossuary.

You collected 1437 gold pieces.
You spent 909 gold pieces at shops.

Inventory:

Hand Weapons
 a - a +2 broad axe of electrocution (weapon)
 b - a +0 blowgun
 L - the +7 hand axe of the Hidden Beggars {freeze, rN+ Int+2}
   (You found it on level 4 of the Dungeon)

   It has been specially enchanted to freeze those struck by it, causing extra
   injury to most foes and up to half again as much damage against particularly
   susceptible opponents.
   It can also slow down cold-blooded creatures.
   It affects your intelligence (+2).
   It protects you from negative energy.
Missiles
 e - 3 curare-tipped needles
 l - 47 poisoned needles
 t - 2 tomahawks of returning
 U - 3 exploding tomahawks
 X - 2 javelins (quivered)
Armour
 s - a +1 pair of gloves (worn)
 y - a +0 pair of boots (worn)
 H - the +3 hat of Pondering (worn) {ponderous, MR+ MP+10 Int+5}
   (You took it off Gastronok on level 8 of the Dungeon)

   It affects your intelligence (+5).
   It affects your resistance to hostile enchantments.
   It affects your magic capacity (+10).
 K - a +0 buckler (worn)
Jewellery
 h - a ring of protection from fire (left hand)
 n - an amulet of rage (around neck)
 P - an uncursed ring of sustain attributes
 Z - a ring of protection from magic (right hand)
Wands
 c - a wand of enslavement (13/24)
 d - a wand of random effects (17/48)
 q - a wand of polymorph (3/24)
 x - a wand of paralysis (9/24)
 E - a wand of lightning (9/15)
 G - a wand of heal wounds (2/9)
 Y - a wand of confusion (32/48)
Scrolls
 g - 7 scrolls of remove curse
 p - 4 scrolls of teleportation
 S - 2 scrolls of fog
 W - a scroll of blinking
Potions
 i - 5 potions of flight
 m - 9 potions of curing
 r - a potion of cancellation
 z - 2 potions of magic
 B - 2 potions of might
 C - a potion of heal wounds
 D - a potion of invisibility
 I - a potion of berserk rage
 J - a potion of agility
Miscellaneous
 j - an ornate deck of destruction {drawn: 3}
 u - a plain deck of war
 v - a plain deck of escape {drawn: 1}
 w - a fan of gales
 A - a sack of spiders {used: 3}
 F - a legendary deck of destruction {drawn: 5}
 M - an ornate deck of destruction
 O - an ornate deck of destruction {drawn: 7}
 R - a stone of tremors
Comestibles
 f - 6 bread rations
 k - 6 meat rations
 o - 3 chunks of flesh
 N - 3 royal jellies
 Q - 4 beef jerkies
 T - 8 slices of pizza


   Skills:
 + Level 8.3 Fighting
   Level 2.3 Short Blades
 * Level 11.0 Axes
   Level 0.2 Staves
 - Level 3.1 Throwing
 - Level 10.4 Dodging
 - Level 0.8 Stealth
 * Level 2.0 Shields
 - Level 2.7 Spellcasting
 - Level 3.0 Charms
 - Level 3.1 Summonings
 - Level 5.0 Ice Magic
 + Level 7.9 Evocations


You had 9 spell levels left.
You knew the following spells:

 Your Spells              Type           Power        Failure   Level  Hunger
a - Ozocubu's Armour      Chrm/Ice       ###.....     14%         3    ###....
b - Summon Ice Beast      Ice/Summ       ###.....     38%         4    ####...


Dungeon Overview and Level Annotations

Branches:
Dungeon (13/15)            Temple (0/1) D:5            Lair (0/8) D:9
    Orc (2/2) D:10            Elf (0/3) Orc:2
 Vaults: D:13-14

Altars:
Kikubaaqudgha
Nemelex Xobeh
Pakellas
Qazlal
Trog
Vehumet
Yredelemnul
Beogh

Shops:
D:4 (   D:8 *   D:10 [%   D:11 !

Annotations:
Orc:2 1 exclusion, Snorg


Innate Abilities, Weirdness & Mutations

You can walk through water.
Your dull iron-grey scales are very hard (AC +13).
Your body does not fit into most forms of armour.
You can survive without breathing.
You are cold-blooded and may be slowed by cold attacks.


Message History

Snorg is heavily wounded.
You hear the brisk rumble of a distant avalanche of rocks.
You block Snorg's attack. Snorg barely misses you. Snorg claws you!!
* * * LOW HITPOINT WARNING * * *
You take 18 damage, and have 20/154 hp.
Unknown command.
You slash Snorg! You tail-slap Snorg!
Snorg is heavily wounded.
Snorg barely misses you. Snorg claws you!
* * * LOW HITPOINT WARNING * * *
Snorg misses you.
You take 10 damage, and have 10/154 hp.
You feel a strong urge to attack something.
You completely miss Snorg. You tail-slap Snorg.
Snorg is heavily wounded.
Snorg misses you. Snorg claws you.
* * * LOW HITPOINT WARNING * * *
You block Snorg's attack. Snorg bites you!
You die...
Your body glows slightly and disappears.

##### ##...# ##....##
### #......###
##.###........#
#.............##
##.............#
##...@........##
...##....T..#......#
...........##......#####
.#.........####........#
##........##.........##
##.#...............##
##..............###
...............##
...#.............#


You could see Snorg (berserk).

Vanquished Creatures
  Gastronok (D:8)
  A hydra (D:11)
  Erolcha (D:8)
  2 unseen horrors
  A hill giant (D:10)
  A deep elf mage (Orc:2)
  Pikel (D:7)
  A manticore (D:12)
  3 ugly things
  An orc sorcerer (Orc:2)
  An ice statue (D:11)
  6 trolls
  Prince Ribbit (D:6)
  A centaur simulacrum (D:10)
  A shadow (D:12)
  2 hippogriffs
  5 yaks
  3 vampire mosquitoes (D:12)
  2 humans
  A hungry ghost (D:11)
  3 sky beasts
  2 wargs
  A steam dragon (D:12)
  2 water moccasins
  A slave (D:7)
  2 ice beasts
  An eye of draining (D:8)
  2 black bears
  11 orc warriors
  4 phantoms
  A wasp (D:12)
  2 centaurs
  A necrophage (D:11)
  A wolf (D:10)
  6 ogres
  2 sheep (D:7)
  5 big kobolds
  Blork the orc (D:6)
  8 giant frogs
  A wyvern zombie (D:12)
  A water moccasin zombie (D:8)
  4 killer bees (D:10)
  3 scorpions
  A wight (D:12)
  3 howler monkeys
  2 crimson imps (D:7)
  2 centaur skeletons
  4 jellies
  A gnoll shaman (D:5)
  7 orc priests
  7 hounds
  A giant frog skeleton (D:5)
  2 iguanas
  5 worker ants
  10 orc wizards
  A big kobold zombie (Ossuary)
  8 mummies (Ossuary)
  9 gnolls
  9 adders
  A howler monkey skeleton (D:7)
  4 shadow imps
  6 white imps (D:10)
  An ooze (D:5)
  2 adder zombies
  An adder skeleton (D:4)
  2 worms
  3 dart slugs (D:1)
  3 giant geckos
  66 orcs
  2 ball pythons
  3 giant cockroaches
  2 gnoll zombies (Ossuary)
  9 hobgoblins
  10 jackals
  24 kobolds
  5 quokkas
  9 bats
  A giant gecko skeleton (D:8)
  2 giant gecko zombies
  6 giant newts
  9 goblins
  3 hobgoblin zombies (Ossuary)
  A jackal skeleton (D:7)
  A kobold zombie (Ossuary)
  An orc zombie (Ossuary)
  2 quokka skeletons (D:4)
  13 rats
365 creatures vanquished.

Vanquished Creatures (collateral kills)
  A hydra (D:11)
  2 orc knights (Orc:2)
  Maurice (D:9)
  A centaur skeleton (D:11)
  2 trolls (Orc:2)
  A shadow (D:11)
  A wraith (D:11)
  Menkaure (D:7)
  A mottled dragon (D:11)
  3 wargs (Orc:2)
  Duvessa (D:5)
  2 orc warriors (Orc:2)
  An ogre (D:6)
  Dowan (D:5)
  A gnoll sergeant (Orc:2)
  An orc priest (Orc:2)
  An orc (Orc:2)
22 creatures vanquished.

Vanquished Creatures (others)
  2 ice beasts
  2 slaves (D:7)
  An orc (D:12)
5 creatures vanquished.

Grand Total: 392 creatures vanquished

Notes
Turn   | Place    | Note
--------------------------------------------------------------
     0 | D:1      | pipel the Draconian Artificer began the quest for the Orb.
     0 | D:1      | Reached XP level 1. HP: 16/16 MP: 3/3
     3 | D:1      | Noticed an electric eel
     3 | D:1      | Noticed an electric eel
   461 | D:1      | Reached XP level 2. HP: 24/24 MP: 4/4
   722 | D:1      | Reached XP level 3. HP: 18/29 MP: 5/5
  1680 | D:2      | Reached XP level 4. HP: 22/36 MP: 6/6
  2053 | D:2      | Noticed a moth of wrath
  2056 | D:2      | Found a bloodstained altar of Trog.
  2204 | D:3      | Noticed a phantom
  2224 | D:3      | Killed a phantom
  2224 | D:3      | Reached XP level 5. HP: 39/42 MP: 7/7
  2463 | D:3      | Found a sparkling altar of Nemelex Xobeh.
  2471 | D:3      | Became a worshipper of Nemelex Xobeh the Trickster
  2826 | D:4      | Received a gift from Nemelex Xobeh
  2932 | D:4      | Received a gift from Nemelex Xobeh
  3011 | D:4      | Got an ivory hand axe
  3012 | D:4      | Identified the +7 hand axe of the Hidden Beggars {freeze, rN+ Int+2} (You found it on level 4 of the Dungeon)
  3121 | D:4      | Reached XP level 6. HP: 18/50 MP: 8/8
  3453 | D:4      | Reached skill level 5 in Dodging
  3526 | D:4      | Found an oddly glowing altar of Pakellas.
  3545 | D:4      | Reached * piety under Nemelex Xobeh
  3559 | D:4      | Reached skill level 1 in Axes
  3672 | D:4      | Found Gulalu's Weapon Boutique.
  3935 | D:5      | Entered Level 5 of the Dungeon
  3935 | D:5      | Noticed an ice beast
  3935 | D:5      | Noticed an ice beast
  3943 | D:5      | Noticed a sky beast
  3954 | D:5      | Killed an ice beast
  3954 | D:5      | Your scales start taking on a dull iron-grey colour.
  3954 | D:5      | Reached XP level 7. HP: 57/57 MP: 9/9
  3954 | D:5      | Gained mutation: You can survive without breathing. [Grey Draconian growth]
  3960 | D:5      | Killed a sky beast
  3964 | D:5      | Gained mutation: You are dopey. (Int -2) [mutagenic meat]
  3965 | D:5      | Gained mutation: Your flesh is cold resistant. [mutagenic meat]
  3966 | D:5      | Gained mutation: You evolve. [mutagenic meat]
  3967 | D:5      | Gained mutation: You have sharp toenails. [mutagenic meat]
  3968 | D:5      | Gained mutation: Potions and wands are less effective at restoring your health. [mutagenic meat]
  4025 | D:5      | Noticed Duvessa
  4044 | D:5      | Reached skill level 2 in Axes
  4150 | D:5      | Found a staircase to the Ecumenical Temple.
  4324 | D:5      | Noticed Dowan
  4324 | D:5      | Killed Duvessa
  4333 | D:5      | Killed Dowan
  4333 | D:5      | Reached skill level 3 in Axes
  4364 | D:5      | Reached XP level 8. HP: 63/63 MP: 11/11
  4367 | D:5      | Gained mutation: You have razor-sharp toenails. [evolution]
  4367 | D:5      | Lost mutation: You evolve. [end of evolution]
  4384 | D:5      | Found a sand-covered staircase.
  4429 | Ossuary  | Entered an ossuary
  4519 | Ossuary  | Reached skill level 1 in Throwing
  5065 | D:6      | Noticed Prince Ribbit
  5077 | D:6      | Killed Prince Ribbit
  5077 | D:6      | Reached skill level 4 in Axes
  5077 | D:6      | Reached skill level 5 in Evocations
  5566 | D:6      | Noticed Blork the orc
  5577 | D:6      | Killed Blork the orc
  5599 | D:6      | Reached ** piety under Nemelex Xobeh
  5974 | D:7      | Reached skill level 5 in Axes
  5998 | D:7      | Noticed Menkaure
  6005 | D:7      | Killed Menkaure
  6029 | D:7      | Learned a level 3 spell: Ozocubu's Armour
  6138 | D:7      | Noticed Pikel
  6158 | D:7      | Killed Pikel
  6158 | D:7      | Reached skill level 1 in Charms
  6158 | D:7      | Reached skill level 1 in Ice Magic
  6158 | D:7      | Reached XP level 9. HP: 58/72 MP: 13/13
  6287 | D:7      | Reached skill level 6 in Axes
  6288 | D:7      | Reached skill level 5 in Fighting
  6385 | D:7      | Received a gift from Nemelex Xobeh
  7054 | D:8      | Reached skill level 7 in Axes
  7077 | D:8      | Gained mutation: You are resistant to electric shocks. [mutagenic meat]
  7078 | D:8      | Gained mutation: You are robust (+10% HP). [mutagenic meat]
  7080 | D:8      | Lost mutation: You are resistant to electric shocks. [mutagenic meat]
  7081 | D:8      | Gained mutation: Your magical capacity is low (-10% MP). [mutagenic meat]
  7082 | D:8      | Lost mutation: Potions and wands are less effective at restoring your health. [mutagenic meat]
  7111 | D:8      | Reached XP level 10. HP: 89/89 MP: 6/13
  7204 | D:8      | Found Mugestiu's General Store.
  7212 | D:8      | Bought a +0 pair of gloves for 49 gold pieces
  7212 | D:8      | Bought a fan of gales for 440 gold pieces
  7338 | D:8      | Reached skill level 1 in Spellcasting
  7400 | D:8      | Found an ancient bone altar of Kikubaaqudgha.
  7467 | D:8      | Found a radiant altar of Vehumet.
  7467 | D:8      | Found a basalt altar of Yredelemnul.
  7560 | D:8      | Noticed Gastronok
  7572 | D:8      | Noticed Erolcha
  7572 | D:8      | Reached *** piety under Nemelex Xobeh
  7687 | D:8      | Killed an unseen horror
  7943 | D:8      | Found a stormy altar of Qazlal.
  7989 | D:8      | Killed Gastronok
  7989 | D:8      | Reached skill level 8 in Axes
  8167 | D:9      | Noticed Joseph
  8174 | D:9      | Received a gift from Nemelex Xobeh
  8185 | D:9      | Joseph changed into something unseen
  8195 | D:9      | Killed Joseph the unseen horror
  8195 | D:9      | Reached XP level 11. HP: 87/100 MP: 14/14
  8245 | D:9      | Found a staircase to the Lair.
  8251 | D:9      | Learned a level 4 spell: Summon Ice Beast
  8432 | D:9      | Received a gift from Nemelex Xobeh
  8513 | D:9      | Noticed Maurice
  8533 | D:9      | Killed Maurice
  8637 | D:10     | Entered Level 10 of the Dungeon
  8638 | D:10     | Found a radiant altar of Vehumet.
  8709 | D:10     | Found Ifoled's Food Shoppe.
  8750 | D:10     | Reached skill level 1 in Summonings
  8807 | D:10     | Found a staircase to the Orcish Mines.
  8816 | D:10     | Noticed a hill giant
  8820 | D:10     | Killed a hill giant
  8969 | D:10     | Reached **** piety under Nemelex Xobeh
  9006 | D:10     | Found Gion Fouc's Antique Armour Emporium.
  9014 | D:10     | Bought a pair of glowing gloves for 112 gold pieces
  9132 | D:10     | Reached skill level 9 in Axes
  9390 | D:10     | You fall through a shaft for 3 floors!
  9551 | D:11     | Found Sung's Distillery.
  9638 | D:10     | Received a gift from Nemelex Xobeh
  9693 | D:11     | Noticed a cyan ugly thing
  9704 | D:11     | Killed a cyan ugly thing
  9710 | D:11     | Lost mutation: You are robust (+10% HP). [mutagenic meat]
  9725 | D:11     | Noticed an eight-headed hydra
  9730 | D:11     | Killed an eight-headed hydra
 10033 | D:11     | Noticed a purple ugly thing
 10043 | D:11     | Killed a red ugly thing
 10052 | D:11     | Gained mutation: You possess an exceptional clarity of mind. [mutagenic meat]
 10062 | D:11     | Received a gift from Nemelex Xobeh
 10086 | D:11     | Noticed a four-headed hydra
 10090 | D:11     | Killed a four-headed hydra
 10438 | D:11     | Reached skill level 10 in Dodging
 10582 | D:12     | Lost mutation: You have razor-sharp toenails. [potion of cure mutation]
 10582 | D:12     | Lost mutation: Your flesh is cold resistant. [potion of cure mutation]
 10582 | D:12     | Lost mutation: Your magical capacity is low (-10% MP). [potion of cure mutation]
 10582 | D:12     | Lost mutation: You are dopey. (Int -2) [potion of cure mutation]
 10582 | D:12     | Lost mutation: You possess an exceptional clarity of mind. [potion of cure mutation]
 10582 | D:12     | Lost mutation: You have sharp toenails. [potion of cure mutation]
 10638 | D:12     | Drew Focus: Str increased to 16, Dex decreased to 11
 10790 | D:12     | Noticed a brown ugly thing
 10798 | D:12     | Killed a brown ugly thing
 10798 | D:12     | Reached skill level 5 in Ice Magic
 11251 | D:12     | Reached XP level 12. HP: 98/100 MP: 17/17
 11476 | D:12     | Reached ***** piety under Nemelex Xobeh
 11545 | D:12     | Reached skill level 10 in Axes
 11686 | D:8      | Killed Erolcha
 11780 | D:4      | Bought a +2 broad axe of electrocution for 308 gold pieces
 12060 | Orc:1    | Entered Level 1 of the Orcish Mines
 12065 | Orc:1    | Received a gift from Nemelex Xobeh
 12346 | Orc:1    | Received a gift from Nemelex Xobeh
 12479 | Orc:2    | Entered Level 2 of the Orcish Mines
 12521 | Orc:2    | Reached skill level 1 in Shields
 12586 | Orc:2    | Found a roughly hewn altar of Beogh.
 12645 | Orc:2    | Reached skill level 11 in Axes
 12695 | Orc:2    | Found a staircase to the Elven Halls.
 12798 | Orc:2    | Noticed Snorg
 12810 | Orc:2    | HP: 6/154 [Snorg (5)]
 12810 | Orc:2    | Slain by Snorg

Skill      XL: |  1  2  3  4  5  6  7  8  9 10 11 12 |
---------------+-------------------------------------+-----
Dodging        | 2 3 4 5 6 7 8 9 10 | 10.4
Fighting       | 2 3 4 5 6 7 8 |  8.3
Short Blades   | 2 |  2.3
Axes           | 1 3 5 7 8 9 11 | 11.0
Evocations     | 4 5 6 7 |  7.9
Throwing       | 1 2 3 |  3.1
Charms         | 1 2 3 |  3.0
Ice Magic      | 1 3 5 |  5.0
Spellcasting   | 1 2 |  2.7
Summonings     | 3 |  3.1
Shields        | 2 |  2.0
Staves         | |  0.2
Stealth        | |  0.8

Action                   |  1- 3 |  4- 6 |  7- 9 | 10-12 || total
-------------------------+-------+-------+-------+-------++-------
Melee: Short sword       |   150 |   100 |       |       ||   250
       Tailslap          |    15 |    25 |    28 |    66 ||   134
       Quarterstaff      |       |    42 |       |       ||    42
       Hand axe          |       |    32 |   273 |   443 ||   748
       Kick              |       |       |    59 |    86 ||   145
       Broad axe         |       |       |       |    94 ||    94
 Fire: Blowgun           |       |       |    10 |    35 ||    45
Throw: Tomahawk          |       |     4 |    13 |       ||    17
       Javelin           |       |       |       |    15 ||    15
 Cast: Ozocubu's Armour  |       |       |     5 |    20 ||    25
       Summon Ice Beast  |       |       |       |     4 ||     4
 Abil: Evoke Berserk Rag |       |     6 |    11 |     8 ||    25
Evoke: Wand              |     7 |     8 |     6 |    19 ||    40
       Deck              |       |       |     4 |    37 ||    41
       Sack of spiders   |       |       |       |     3 ||     3
       Fan of gales      |       |       |       |     1 ||     1
       Stone of tremors  |       |       |       |     1 ||     1
  Use: Scroll            |     8 |     3 |     4 |     8 ||    23
       Potion            |       |       |       |     9 ||     9
 Stab: Sleeping          |     2 |     1 |     4 |       ||     7
       Paralysed         |       |       |     4 |       ||     4
       Distracted        |       |       |       |     1 ||     1
       Held in net/web   |       |       |       |     1 ||     1
  Eat: Chunk             |     1 |     8 |    31 |    28 ||    68
       Bread ration      |       |     1 |       |     1 ||     2
       Beef jerky        |       |       |       |     1 ||     1
       Fruit             |       |       |       |     2 ||     2
Armor: Skin              |    37 |    51 |    80 |   229 ||   397
Dodge: Dodged            |   105 |   126 |   148 |   453 ||   832
Block: Buckler           |       |       |       |    14 ||    14
